 Dungeon Crawl Stone Soup version 0.28-a0-1339-ga5422284a4 (webtiles) character file.

Game seed: 5580385748662110406

750 chakani the Spear-Bearer (level 7, -4/52 HPs)
             Began as a Merfolk Gladiator on Dec 28, 2021.
             Shot with an arrow by a centaur (7 damage)
             ... on level 5 of the Dungeon.
             The game lasted 00:06:24 (5522 turns).

chakani the Spear-Bearer (Merfolk Gladiator)        Turns: 5522, Time: 00:06:25

Health: -4/52      AC:  5    Str: 15    XL:     7   Next: 78%
Magic:  7/7        EV: 13    Int:  9    God:
Gold:   104        SH:  0    Dex: 15    Spells: 6/6 levels left

rFire   + . .      SeeInvis .   a - +1 trident
rCold   . . .      Faith    .   (no shield)
rNeg    . . .      Spirit   .   s - +1 leather armour {rF+}
rPois   .          Reflect  .   c - +0 helmet
rElec   .          Harm     .   (no cloak)
rCorr   .          Rampage  .   (no gloves)
Will    .....                   (no boots)
Stlth   +.........              (no amulet)
HPRegen 0.17/turn               (no ring)
MPRegen 0.10/turn               (no ring)

@: no status effects
A: (nimble swimmer 2), mertail
a: no special abilities


You were on level 5 of the Dungeon.
You visited 1 branch of the dungeon, and saw 5 of its levels.

You collected 104 gold pieces.

Inventory:

Hand Weapons
 a - a +1 trident (weapon)
Missiles
 d - a throwing net (quivered)
Armour
 b - a +0 leather armour
 c - a +0 helmet (worn)
 o - a +0 ring mail
 s - a +1 leather armour of fire resistance (worn)
Jewellery
 l - a ring of willpower
 m - a ring of protection from cold
Scrolls
 e - 2 scrolls of identify
 p - a scroll of amnesia
Potions
 f - a potion of heal wounds
 g - a potion of resistance {unknown}
 h - a potion of might {unknown}
 k - a potion of flight {unknown}
 n - 2 potions of mutation
 q - a potion of lignification
 t - 3 potions of haste {unknown}
 u - a potion of cancellation {unknown}
 w - a potion of brilliance {unknown}


   Skills:
 - Level 3.1 Fighting
 + Level 11.5 Polearms
 - Level 2.8 Throwing
 - Level 4.9 Dodging


You had 6 spell levels left.
You didn't know any spells.
Your spell library contained the following spells:

 Spells                   Type           Power      Damage    Failure   Level
 Corpse Rot               Necr/Air       0%         N/A       58%         2
 Sublimation of Blood     Necr           0%         N/A       58%         2
 Wereblood                Tmut           0%         N/A       58%         2
 Dispel Undead            Necr           0%         3d6       99%         4
 Death Channel            Necr           0%         N/A       100%        6
 Summon Hydra             Summ           0%         N/A       100%        7


Dungeon Overview and Level Annotations

Branches:
Dungeon (5/15)
 Temple: D:4-7

Altars:
Trog
Beogh

Annotations:
D:5 2 runed translucent doors, Grinder; porpoise's ghost, novice MiCK


Innate Abilities, Weirdness & Mutations

((You are very nimble when in or above water. (Stealth+, EV+, Speed+++)))
Your lower body shifts to a powerful aquatic tail in water.


Message History

Grinder gestures at you. You resist with significant effort.
As you read the scroll labelled CAAFOG XANK, it crumbles to dust.
It is a scroll of enchant weapon.
Your +0 trident glows red for a moment.
Unknown command.
As you read the scroll labelled SUTOER GEARE, it crumbles to dust.
It is a scroll of identify.
n - 2 potions of mutation Grinder hits you.
You writhe in agony.
As you read the scroll of identify, it crumbles to dust.
q - a potion of lignification Grinder hits you.
You writhe in agony.
The centaur zaps a wand.
Some rock shatters into small pieces.
Okay, then.
It was a potion of heal wounds.
You feel much better. Grinder hits you but does no damage.
You puncture Grinder!
Grinder is moderately wounded.
The centaur shoots an arrow.
The arrow barely misses you. Grinder barely misses you.
The white imp gestures at you. The puff of frost misses you.
The centaur shoots an arrow.
The arrow hits you!
A sky beast comes into view.
The centaur shoots an arrow.
The arrow hits you!
Grinder blinks!
The centaur shoots an arrow.
The arrow completely misses you. Grinder gestures at you.
Pain shoots through your body!
The centaur shoots an arrow.
The arrow closely misses you. Grinder gestures at you.
Pain shoots through your body!
* * * LOW HITPOINT WARNING * * *
The centaur shoots an arrow.
The arrow closely misses you. Grinder gestures at you.
You resist with significant effort. The white imp gestures at you.
The puff of frost hits you!
* * * LOW HITPOINT WARNING * * *
The centaur shoots an arrow.
The arrow hits you!
You die...

*,** *,,,*#.##..#..#
****,* *,* *,,.###..wY...#
*,* *,* *,,...........#
*,* *,* *,*.####..c...##
*,* ,,* *,*,* ##.5..5..#
*,* #** ##.#.###.......##
*,****** #
#.............## *,,,,,,,
# #....#..##...## ********
# #..#...* ##@## #
#..#.#** #.# # #..#.# #.#
# #..#.# #.# ######..#.#
#.# .....#..#.#### #>#
####.#.......###.#
#.............# ********
###.##.##.#########..,,..#


You could see Grinder, a sky beast, a centaur, a white imp and a dart slug.

Vanquished Creatures
  A black bear (D:4)
  An ogre (D:5)
  A necrophage (D:4)
  A phantom (D:4)
  A scorpion (D:4)
  A water moccasin skeleton (D:5)
  A centaur zombie (D:5)
  A bullfrog skeleton (D:5)
  An orc priest (D:3)
  An iguana (D:4)
  2 orc wizards
  A hound skeleton (D:5)
  A gnoll (D:1)
  4 adders
  4 worms
  2 dart slugs
  9 orcs
  4 bats
  4 endoplasms
  4 giant cockroaches
  9 goblins
  8 hobgoblins
  3 kobolds
  3 quokkas
  4 ball pythons
  2 frilled lizards
  7 rats
81 creatures vanquished.

Notes
Turn   | Place    | Note
-------+----------+-------------------------------------------
     0 | D:1      | chakani the Merfolk Gladiator began the quest for the Orb.
     0 | D:1      | Reached XP level 1. HP: 16/16 MP: 1/1
   163 | D:1      | Reached XP level 2. HP: 23/23 MP: 2/2
   688 | D:1      | Reached XP level 3. HP: 23/28 MP: 3/3
   813 | D:2      | Reached skill level 5 in Polearms
  1404 | D:2      | Reached XP level 4. HP: 34/34 MP: 4/4
  2150 | D:3      | Found a bloodstained altar of Trog.
  2577 | D:3      | Found the +7 staff of the Meek {protect, meekguard}
  3068 | D:3      | Reached skill level 6 in Polearms
  3068 | D:3      | Reached XP level 5. HP: 2/41 MP: 5/5
  3645 | D:4      | Noticed a black bear
  3795 | D:4      | Noticed a phantom
  3802 | D:4      | Killed a phantom
  3803 | D:4      | Reached skill level 7 in Polearms
  3825 | D:4      | Reached XP level 6. HP: 34/47 MP: 6/6
  3934 | D:4      | Reached skill level 8 in Polearms
  3973 | D:4      | HP: 1/47 [something/magic dart (7)]
  4378 | D:4      | Noticed a necrophage
  4389 | D:4      | Killed a necrophage
  4390 | D:4      | Reached skill level 9 in Polearms
  4581 | D:4      | Noticed a black bear
  4596 | D:4      | Killed a black bear
  4597 | D:4      | Reached skill level 10 in Polearms
  4597 | D:4      | Reached XP level 7. HP: 33/52 MP: 7/7
  4884 | D:5      | Entered Level 5 of the Dungeon
  5171 | D:5      | Found a large runed translucent door.
  5171 | D:5      | Found a large runed translucent door.
  5174 | D:5      | Noticed porpoise's ghost (novice MiCK)
  5193 | D:5      | Reached skill level 11 in Polearms
  5494 | D:5      | Noticed Grinder
  5522 | D:5      | Shot with an arrow by a centaur

Illustrated notes

Levels and vault maps discovered:
D:1:      dpeg_arrival_yet_another_circle, layout_basic
D:2:      layout_basic
D:3:      layout_loops_ring, mainiacjoe_overflow_brackets,
          pf_guarded_unrand_meek
D:4:      layout_basic, portal_sewer_entry_d
D:5:      layout_loops_ring, ebering_ghost_disaster_area, uniq_grinder

Skill      XL: |  1  2  3  4  5  6  7 |
---------------+----------------------+-----
Polearms       | 5 6 7 10 11 | 11.5
Fighting       | 3 |  3.1
Throwing       | |  2.8
Dodging        | |  4.9

Action                   |  1- 3 |  4- 6 |  7- 9 || total
-------------------------+-------+-------+-------++-------
Melee: Trident           |   103 |   186 |    55 ||   344
       Tailslap          |       |     1 |       ||     1
Throw: Throwing net      |       |     2 |       ||     2
  Use: Scroll            |       |       |     7 ||     7
       Potion            |       |       |     1 ||     1
 Stab: Sleeping          |     3 |     3 |     2 ||     8
Armor: Leather armour    |    16 |    38 |     9 ||    63
Dodge: Dodged            |    46 |    75 |    22 ||   143

Table legend: (Time is in decaauts)
 A = Elapsed time spent in this place.
 B = Non-inter-level travel time spent in this place.
 C = Inter-level travel time spent in this place.
 D = Time resting spent in this place.
 E = Time spent auto-exploring this place.
 F = Levels seen in this place.
 G = Mean time per level.
                   A        B        C        D        E       F      G
               +--------+--------+--------+--------+--------+-----+--------+
         Total |   5504 |   5307 |    197 |   1074 |   3420 |   5 | 1100.8 |
       Dungeon |   5504 |   5307 |    197 |   1074 |   3420 |   5 | 1100.8 |
               +--------+--------+--------+--------+--------+-----+--------+

Top non-repeatable levels by time:
     D:2: 1608 daAuts
     D:4: 1317 daAuts
     D:3: 1175 daAuts
     D:1: 777 daAuts
     D:5: 624 daAuts
